AoeStats
← JV_kolop

Arena

505579982Analyzed
4v4 RM · 21d ago on Sep 10, 2026· 64m 36s· 8 players
Game mode
Random Map
Map size
Large (8 player)
Population
200
Speed
Normal
Resources
Standard
Victory
Conquest
Starting age
Dark Age
Ending age
Imperial Age
RankedLock teamsTeams togetherTeam positionsShared explorationLock speedFull tech treeHidden civsTurbo modeCheats
Victory
Defeat
🇨🇦 Khmer · Canada
902
+13
🇨🇦 Cumans · Canada
861
+15
🇵🇪 Poles · Peru
855
+15
🇺🇸 Khitans · United States
848
+16
🇨🇴 Mongols · Colombia
918
-17
🇨🇴 Spanish · Colombia
870
-16
🇩🇪 Teutons · Germany
797
-13
🇹🇷 Sicilians · Türkiye
790
-13
nathanst1996
10:09 Loom
12:02 Feudal Age
13:19 Double-Bit Axe
13:19 Domestication
13:39 Man-at-Arms
15:39 Forging
23:25 Castle Age
21:24 Stone Mining
21:28 Gold Mining
22:11 Scale Barding Armor
24:33 Husbandry
31:14 Lamellar Armor
31:38 Long Swordsman
32:06 Gambesons
32:31 Arson
33:16 Elite Skirmisher
34:01 Fletching
34:12 Padded Archer Armor
34:28 Scale Mail Armor
35:21 Squires
36:01 Iron Casting
36:15 Pastoralism
36:50 Bodkin Arrow
44:12 Imperial Age
43:51 Crossbowman
45:31 Wheelbarrow
44:52 Two-Handed Swordsman
48:31 Hand Cart
49:26 Chain Mail Armor
54:39 Pikeman
54:57 Light Cavalry
59:07 Capped Ram
60:41 Bow Saw
JV_kolop
9:43 Feudal Age
14:22 Castle Age
13:29 Double-Bit Axe
16:52 Bow Saw
31:18 Imperial Age
30:01 Gold Mining
32:19 Pikeman
32:36 Heavy Scorpion
35:18 Loom
36:08 Wheelbarrow
35:19 Town Watch
37:16 Husbandry
37:26 Bloodlines
37:43 Hand Cart
38:01 Town Patrol
38:45 Siege Engineers
39:41 Chemistry
39:02 Ballistics
38:57 Double Crossbow
40:26 Halberdier
42:33 Gold Shaft Mining
41:50 Stone Mining
44:16 Fletching
44:36 Forging
44:27 Scale Mail Armor
44:27 Padded Archer Armor
44:33 Scale Barding Armor
44:26 Fletching
45:48 Caravan
52:26 Iron Casting
52:06 Chain Mail Armor
52:13 Chain Barding Armor
51:53 Bodkin Arrow
55:55 Blast Furnace
57:24 Ballistics
legin9
10:48 Feudal Age
13:13 Double-Bit Axe
16:59 Gold Mining
18:26 Stone Mining
19:50 Horse Collar
19:58 Loom
21:37 Wheelbarrow
26:16 Castle Age
24:16 Town Watch
27:50 Heavy Plow
28:02 Bow Saw
29:30 Bloodlines
28:40 Light Cavalry
32:23 Imperial Age
30:13 Hand Cart
30:27 Forging
30:22 Scale Barding Armor
32:03 Gold Shaft Mining
31:49 Pikeman
32:30 Squires
33:30 Halberdier
33:37 Capped Ram
34:54 Elite Steppe Lancer
36:39 Chain Barding Armor
36:54 Iron Casting
36:10 Fletching
36:20 Padded Archer Armor
36:48 Cavalier
38:39 Elite Skirmisher
39:25 Thumb Ring
40:02 Town Patrol
41:45 Two-Man Saw
41:03 Leather Archer Armor
41:26 Plate Barding Armor
41:52 Blast Furnace
42:59 Crop Rotation
43:43 Blast Furnace
43:00 Leather Archer Armor
42:48 Scale Mail Armor
43:58 Hussar
46:43 Ring Archer Armor
46:28 Chain Mail Armor
46:10 Bodkin Arrow
46:10 Onager
46:34 Siege Ram
49:22 Chemistry
48:42 Ballistics
51:20 Paladin
52:23 Murder Holes
52:37 Caravan
56:02 Plate Mail Armor
55:03 Siege Onager
56:24 Arson
55:59 Man-at-Arms
61:05 Long Swordsman
fadul2105
11:09 Feudal Age
11:59 Double-Bit Axe
12:04 Horse Collar
14:42 Loom
19:27 Castle Age
17:54 Forging
17:54 Scale Barding Armor
21:12 Bow Saw
21:53 Bloodlines
21:43 Husbandry
22:12 Heavy Plow
22:27 Gold Mining
22:29 Stone Mining
26:36 Wheelbarrow
27:40 Iron Casting
27:25 Chain Barding Armor
28:38 Hand Cart
30:04 Treadmill Crane
30:45 Ballistics
30:17 Town Watch
33:57 Imperial Age
32:39 Szlachta Privileges
32:08 Light Cavalry
33:10 Szlachta Privileges
35:28 Lechitic Legacy
35:29 Conscription
34:32 Winged Hussar
36:23 Blast Furnace
37:57 Chemistry
37:09 Masonry
36:54 Murder Holes
37:10 Fortified Wall
40:47 Siege Engineers
45:15 Fletching
45:55 Elite Obuch
47:12 Bodkin Arrow
47:18 Scale Mail Armor
49:27 Cavalier
49:59 Elite Skirmisher
52:01 Hoardings
51:43 Bracer
51:44 Padded Archer Armor
55:29 Crop Rotation
56:44 Stone Shaft Mining
62:41 Leather Archer Armor
62:42 Chain Mail Armor
Tatobuendia96
10:23 Feudal Age
14:46 Castle Age
14:03 Double-Bit Axe
16:46 Stone Mining
17:54 Bow Saw
21:08 Horse Collar
23:29 Loom
23:40 Gold Mining
26:46 Wheelbarrow
26:34 Fervor
26:45 Sanctity
26:59 Sanctity
27:44 Hand Cart
28:13 Stone Shaft Mining
28:44 Bloodlines
29:17 Husbandry
29:12 Light Cavalry
33:09 Imperial Age
30:56 Scale Barding Armor
31:30 Redemption
34:05 Cavalier
35:09 Conscription
35:30 Theocracy
35:14 Block Printing
35:45 Pikeman
36:24 Paladin
37:20 Forging
37:30 Chain Barding Armor
51:55 Heavy Plow
MKO82
0:29 Loom
12:42 Feudal Age
14:04 Wheelbarrow
13:11 Horse Collar
13:20 Double-Bit Axe
21:33 Castle Age
20:02 Gold Mining
20:05 Stone Mining
20:26 Scale Mail Armor
20:17 Fletching
22:12 Forging
22:03 Padded Archer Armor
22:27 Heavy Plow
22:40 Bow Saw
26:08 Chain Mail Armor
26:38 Stone Shaft Mining
28:59 Hand Cart
28:29 Town Watch
30:57 Coinage
30:28 Caravan
30:53 Ballistics
30:44 Masonry
32:06 Town Patrol
32:43 Iron Casting
32:04 Bodkin Arrow
32:25 Leather Archer Armor
31:57 Pikeman
32:23 Gambesons
32:10 Man-at-Arms
32:50 Squires
33:16 Ironclad
33:35 Long Swordsman
34:01 Arson
37:44 Imperial Age
35:27 Fortified Wall
34:53 Elite Skirmisher
36:18 Heated Shot
37:37 Scale Barding Armor
39:28 Chemistry
38:13 Arrowslits
39:00 Crop Rotation
39:33 Two-Man Saw
39:11 Plate Mail Armor
39:43 Blast Furnace
39:13 Ring Archer Armor
38:52 Siege Engineers
38:19 Halberdier
39:31 Elite Teutonic Knight
44:48 Banking
53:18 Heavy Scorpion
60:29 Bombard Tower
LuisFr15
3:43 Loom
12:20 Feudal Age
12:52 Double-Bit Axe
12:48 Horse Collar
18:17 Castle Age
17:31 Gold Mining
17:34 Stone Mining
19:27 Bow Saw
19:18 Heavy Plow
21:57 Wheelbarrow
28:13 Gold Shaft Mining
28:47 Hand Cart
28:25 Fletching
28:35 Padded Archer Armor
29:12 Bodkin Arrow
29:28 Forging
29:24 Scale Barding Armor
30:23 Stone Shaft Mining
29:41 Town Watch
33:21 Imperial Age
31:42 Town Patrol
31:59 Leather Archer Armor
32:20 Iron Casting
32:45 Chain Barding Armor
32:50 Ballistics
35:07 Chemistry
33:32 Heavy Cavalry Archer
35:12 Parthian Tactics
34:55 Thumb Ring
35:17 Conscription
35:17 Drill
36:10 Bracer
37:11 Blast Furnace
35:54 Elite Mangudai
36:40 Capped Ram
37:59 Siege Ram
44:31 Onager
45:43 Scale Mail Armor
46:18 Siege Onager
57:12 Light Cavalry
58:14 Bloodlines
58:56 Hussar
Itechopolis
0:55 Loom
12:13 Feudal Age
13:58 Wheelbarrow
13:13 Town Watch
14:36 Horse Collar
15:07 Double-Bit Axe
16:42 Gold Mining
17:58 Stone Mining
25:24 Castle Age
23:36 Padded Archer Armor
23:27 Fletching
24:58 Scale Mail Armor
26:46 Gold Shaft Mining
27:18 Crossbowman
27:24 Man-at-Arms
27:50 Gambesons
29:26 Long Swordsman
33:13 Leather Archer Armor
33:09 Forging
41:19 Iron Casting
46:06 Heavy Plow
49:25 Hand Cart
Connection lost

Rejoining the realm…

Still unreachable

The connection could not be restored.

Session expired

The server has moved on; the page needs a fresh start.